 Dungeon Crawl Stone Soup version 0.19.1-1-g22dce08 (webtiles) character file.

7439 Jynx the Arsonist (level 10, -3/50 HPs)
             Began as a Deep Elf Fire Elementalist on Jan 12, 2017.
             Was a Priest of Vehumet.
             Slain by an orc warrior
             ... wielding a +0 dire flail
              (5 damage)
             ... on level 9 of the Dungeon.
             The game lasted 00:18:14 (11193 turns).

Jynx the Arsonist (Deep Elf Fire Elementalist)     Turns: 11193, Time: 00:18:15

Health: -3/50      AC:  8    Str:  5    XL:     10   Next: 93%
Magic:  27/27      EV: 13    Int: 24    God:    Vehumet [***...]
Gold:   568        SH:  0    Dex: 15    Spells: 4 memorised, 18 levels left

rFire  . . .     SeeInvis +     t - +4 quarterstaff (chaos)
rCold  . . .     Gourm    .     a - +1 robe
rNeg   . . .     Faith    .     (shield currently unavailable)
rPois  .         Spirit   .     C - +0 helmet
rElec  .         Reflect  .     u - +2 cloak
rCorr  .         Harm     .     (no gloves)
MR     +....                    n - +0 pair of boots
Stlth  ++........               (no amulet)
                                (no ring)
                                z - ring of see invisible

@: no status effects
A: no striking features
a: Renounce Religion


You were on level 9 of the Dungeon.
You worshipped Vehumet.
Vehumet was most pleased with you.
You were not hungry.

You visited 2 branches of the dungeon, and saw 11 of its levels.

You collected 568 gold pieces.

Inventory:

Hand Weapons
 t - a +4 quarterstaff of chaos (weapon)
Armour
 a - a +1 robe (worn)
 n - a +0 pair of boots (worn)
 u - a +2 cloak (worn)
 C - a +0 helmet (worn)
Jewellery
 z - a ring of see invisible (left hand)
Wands
 g - a wand of digging (10/24)
 k - a wand of flame (6/48)
Scrolls
 e - 7 scrolls of remove curse
 v - 4 scrolls of teleportation
 w - 2 scrolls of noise
 y - a scroll of recharging
 B - 3 scrolls of magic mapping
 E - a scroll of amnesia
 G - 3 scrolls of enchant armour
Potions
 d - 3 potions of flight
 h - a potion of resistance
 i - 4 potions of curing
 j - a potion of ambrosia {unknown}
 l - a potion of haste {unknown}
 m - a potion of might {unknown}
 o - 3 potions of brilliance
 p - 3 potions of mutation
 q - a potion of degeneration {unknown}
 x - 2 potions of heal wounds
 D - 2 potions of lignification
 F - a potion of berserk rage
Books
 b - a book of Flames

   Spells                             Type                      Level
   a - Flame Tongue                   Conjuration/Fire             1
   b - Throw Flame                    Conjuration/Fire             2
   c - Conjure Flame                  Conjuration/Fire             3
   d - Inner Flame                    Hexes/Fire                   3
   e - Sticky Flame                   Conjuration/Fire             4
   f - Fireball                       Conjuration/Fire             5
 A - a book of Debilitation

   Spells                             Type                      Level
   a - Corona                         Hexes                        1
   b - Slow                           Hexes                        2
   c - Gell's Gravitas                Hexes/Translocation          3
   d - Inner Flame                    Hexes/Fire                   3
   e - Cause Fear                     Hexes                        4
   f - Leda's Liquefaction            Hexes/Earth                  4
Comestibles
 c - 13 bread rations
 f - 6 meat rations
 r - 2 slices of pizza
 s - a royal jelly


   Skills:
 - Level 2.4 Dodging
 - Level 2.4 Stealth
 + Level 11.0 Spellcasting
 + Level 9.3 Conjurations
 * Level 13.2 Fire Magic


You had 18 spell levels left.
You knew the following spells:

 Your Spells              Type           Power        Failure   Level  Hunger
a - Flame Tongue          Conj/Fire      #####        1%          1    None
b - Conjure Flame         Conj/Fire      ######..     1%          3    None
c - Sticky Flame          Conj/Fire      ######..     1%          4    None
d - Fireball              Conj/Fire      ######....   1%          5    ####...


Dungeon Overview and Level Annotations

Branches:
Dungeon (10/15)            Temple (1/1) D:6
   Lair: D:8-11         Orc: D:9-12

Altars:
Cheibriados
Dithmenos
Elyvilon
Hepliaklqana
Kikubaaqudgha
Makhleb
Nemelex Xobeh
Okawaru
Qazlal
Ru
Sif Muna
Vehumet
Yredelemnul
Zin
The Shining One

Shops:
D:4 =   D:6 *


Message History

The orc throws a tomahawk.
The tomahawk hits you.
You see here a tomahawk.
You hit the orc but do no damage.
The orc appears confused.
The orc throws a tomahawk.
The tomahawk closely misses you.
The orc warrior hits you with a dire flail!!
You hit the orc.
The orc is heavily wounded.
The orc hits you but does no damage. The orc warrior closely misses you.
You sock the orc!
You kill the orc!
Vehumet accepts your kill. The orc hits you with a short sword.
The orc warrior hits you with a dire flail!!
* * * LOW HITPOINT WARNING * * *
The orc hits you with a short sword.
* * * LOW HITPOINT WARNING * * *
Okay, then.
The orc barely misses you.
The orc warrior hits you with a dire flail.
You die...

#.# #.###.....#........## #.#
#.###.###.#######.### #.# #.##..#
#.# #.# #.#### #.##..###.# ##'##
#....# #.##......# ##...## ####.#
#.##.###.## ##.....# # ##..#
#........# ##.......
####...#########o#...####........
'..........)...(@o[.....'........
####...###########...####........
##........# #..## ##.......
#.###.##.# #.## ##.....#
#.##...#.# #.# ##...## #.#......#
#.# ##'### #.#......# #.# #....
#.#......# #.# ####..##
##.##...#.# #.# ##.....#


You could see an orc warrior and an orc.

Vanquished Creatures
  Pikel (D:4)
  An ugly thing (D:9)
  A merfolk (D:9)
  A troll (D:9)
  3 two-headed ogres
  A hippogriff (D:7)
  Grinder (D:3)
  Sigmund (D:4)
  5 yaks (D:9)
  Menkaure (D:4)
  A water moccasin (D:9)
  A sky beast (D:5)
  2 black bears
  2 orc warriors (D:9)
  2 phantoms
  3 centaurs
  5 ogres
  A big kobold (D:8)
  7 bullfrogs
  Blork the orc (D:4)
  A water moccasin skeleton (D:9)
  A scorpion (D:9)
  8 killer bees
  4 wights (D:8)
  An electric eel (D:6)
  3 crimson imps
  5 howler monkeys
  A quasit (D:6)
  2 bullfrog zombies (D:8)
  6 hounds
  3 centaur skeletons
  A gnoll shaman (D:9)
  5 orc priests
  3 bullfrog skeletons
  5 orc wizards
  Crazy Yiuf (D:2)
  Jessica (D:3)
  An iguana (D:4)
  Ijyb (D:3)
  5 worker ants
  A hound skeleton (D:4)
  2 hound zombies
  Robin (D:2)
  A howler monkey skeleton (D:6)
  7 gnolls (D:9)
  9 adders
  4 shadow imps
  An ooze (D:3)
  An adder skeleton (D:3)
  A worm (D:2)
  5 dart slugs
  9 leopard geckos
  25 orcs
  7 bats
  10 giant cockroaches
  17 goblins
  5 hobgoblins
  21 jackals
  7 quokkas
  4 ball pythons
  A jackal skeleton (D:5)
  8 kobolds
  A quokka skeleton (D:4)
  A quokka zombie (D:6)
  6 rats
254 creatures vanquished.

Vanquished Creatures (others)
  A slave (D:4)
  An adder (D:4)
  A frilled lizard (D:4)
3 creatures vanquished.

Grand Total: 257 creatures vanquished

Notes
Turn   | Place    | Note
-------+----------+-------------------------------------------
     0 | D:1      | Jynx the Deep Elf Fire Elementalist began the quest for the Orb.
     0 | D:1      | Reached XP level 1. HP: 10/10 MP: 6/6
   154 | D:1      | Reached XP level 2. HP: 15/15 MP: 5/8
   708 | D:2      | Reached skill level 4 in Fire Magic
   821 | D:2      | Reached XP level 3. HP: 19/19 MP: 7/10
   826 | D:2      | Learned a level 3 spell: Conjure Flame
   997 | D:2      | Found an iron altar of Okawaru.
  1096 | D:2      | Found a runed door.
  1143 | D:2      | Noticed Crazy Yiuf
  1151 | D:2      | Killed Crazy Yiuf
  1426 | D:2      | Reached XP level 4. HP: 24/24 MP: 8/11
  1507 | D:2      | Found a stormy altar of Qazlal.
  1507 | D:2      | Found a glowing golden altar of the Shining One.
  1535 | D:2      | Found a glowing silver altar of Zin.
  1870 | D:3      | Noticed Robin
  1872 | D:3      | Noticed Jessica
  1876 | D:2      | Killed Robin
  2216 | D:3      | Reached skill level 5 in Fire Magic
  2217 | D:3      | Reached XP level 5. HP: 28/28 MP: 8/13
  2221 | D:3      | Killed Jessica
  2728 | D:3      | Noticed Grinder
  2790 | D:3      | Killed Grinder
  2790 | D:3      | Reached skill level 5 in Spellcasting
  2790 | D:3      | Reached skill level 6 in Fire Magic
  2790 | D:3      | Reached XP level 6. HP: 5/32 MP: 5/15
  3108 | D:3      | Learned a level 4 spell: Sticky Flame
  3176 | D:3      | Noticed Ijyb
  3181 | D:3      | Killed Ijyb
  3255 | D:3      | Found a faded altar of an unknown god.
  3581 | D:4      | Noticed Blork the orc
  3588 | D:4      | Killed Blork the orc
  3593 | D:4      | Reached XP level 7. HP: 32/36 MP: 1/17
  3789 | D:4      | Noticed Sigmund
  3848 | D:4      | Killed Sigmund
  3848 | D:4      | Reached skill level 7 in Fire Magic
  4081 | D:4      | Noticed Pikel
  4090 | D:4      | Killed Pikel
  4090 | D:4      | Reached skill level 5 in Conjurations
  4090 | D:4      | Reached skill level 8 in Fire Magic
  4090 | D:4      | Reached XP level 8. HP: 41/41 MP: 6/20
  4488 | D:4      | Found Epay's Jewellery Boutique.
  4577 | D:4      | Noticed Menkaure
  4582 | D:4      | Killed Menkaure
  4847 | D:5      | Entered Level 5 of the Dungeon
  5098 | D:5      | Reached skill level 9 in Fire Magic
  5725 | D:6      | Found a staircase to the Ecumenical Temple.
  5732 | Temple   | Entered the Ecumenical Temple
  5758 | Temple   | Became a worshipper of Vehumet
  6045 | D:6      | Reached XP level 9. HP: 43/45 MP: 17/23
  6052 | D:6      | Learned a level 5 spell: Fireball
  6492 | D:6      | Found Etohil's General Store.
  6920 | D:7      | Reached skill level 10 in Fire Magic
  7250 | D:7      | Found an ancient bone altar of Kikubaaqudgha.
  7258 | D:7      | Reached * piety under Vehumet
  7258 | D:7      | Offered knowledge of Freeze by Vehumet.
  7760 | D:8      | Reached skill level 11 in Fire Magic
  8709 | D:8      | Reached XP level 10. HP: 50/50 MP: 22/25
  8826 | D:8      | Offered knowledge of Sandblast by Vehumet.
  8833 | D:8      | Reached ** piety under Vehumet
  9485 | D:9      | Reached skill level 12 in Fire Magic
  9496 | D:9      | Reached skill level 10 in Spellcasting
  9620 | D:9      | Offered knowledge of Throw Frost by Vehumet.
 10399 | D:9      | Reached *** piety under Vehumet
 10673 | D:9      | Noticed a brown ugly thing
 10679 | D:9      | Killed a brown ugly thing
 10878 | D:9      | Reached skill level 13 in Fire Magic
 11069 | D:9      | Offered knowledge of Ignite Poison by Vehumet.
 11149 | D:10     | Entered Level 10 of the Dungeon
 11149 | D:10     | Noticed a hill giant
 11192 | D:9      | HP: 2/50 [orc/short sword (5)]
 11193 | D:9      | Slain by an orc warrior

Skill      XL: |  1  2  3  4  5  6  7  8  9 10 |
---------------+-------------------------------+-----
Fire Magic     | 4 5 6 8 9 11 13 | 13.2
Conjurations   | 2 3 4 5 6 8 9 |  9.3
Spellcasting   | 4 5 6 8 9 11 | 11.0
Dodging        | |  2.4
Stealth        | |  2.4

Action                   |  1- 3 |  4- 6 |  7- 9 | 10-12 || total
-------------------------+-------+-------+-------+-------++-------
Melee: Unarmed           |     4 |       |       |       ||     4
       Quarterstaff      |       |       |     8 |     8 ||    16
 Cast: Flame Tongue      |    47 |   121 |   289 |   132 ||   589
       Conjure Flame     |     1 |       |     5 |     3 ||     9
       Sticky Flame      |       |     3 |    12 |     5 ||    20
       Fireball          |       |       |     2 |    24 ||    26
  Use: Scroll            |       |    11 |     9 |     2 ||    22
  Eat: Chunk             |     1 |     7 |    17 |    11 ||    36
Armor: Robe              |     3 |    24 |    31 |    15 ||    73
Dodge: Dodged            |    13 |    66 |    92 |    24 ||   195
